 Dungeon Crawl Stone Soup version 0.26.1-2-gb8aa6d0 (webtiles) character file.

Game seed: 13784391444462951978

12555 Geeful the Cleaver (level 11, -1/104 HPs)
             Began as a Hill Orc Abyssal Knight on May 12, 2021.
             Was a High Priest of Lugonu.
             Slain by Sonja
             ... wielding a +1 short sword of distortion
              (12 damage)
             ... on level 11 of the Dungeon on May 14, 2021.
             The game lasted 00:45:39 (13901 turns).

Geeful the Cleaver (Hill Orc Abyssal Knight)       Turns: 13901, Time: 00:45:40

Health: -1/104     AC: 18    Str: 25    XL:     11   Next: 95%
Magic:  15/15      EV: 10    Int: 12    God:    Lugonu [*****.]
Gold:   717        SH: 10    Dex: 10    Spells: 10/10 levels left

rFire    . . .     SeeInvis .   a - +2 hand axe (flame)
rCold    . . .     Faith    .   k - +0 buckler
rNeg     . . .     Spirit   .   s - +1 chain mail
rPois    .         Reflect  +   (no helmet)
rElec    .         Harm     .   (no cloak)
rCorr    .         Rampage  .   (no gloves)
Will     .....                  x - +0 pair of boots
Stlth    ..........             I - amulet of reflection
HPRegen  0.27/turn              h - +6 ring of strength
MPRegen  0.14/turn              t - +4 ring of protection

@: no status effects
A: no striking features
a: Renounce Religion, Depart the Abyss, Bend Space, Banish, Corrupt, Enter the
Abyss


You were on level 11 of the Dungeon.
You worshipped Lugonu.
Lugonu was extremely pleased with you.
You visited 1 branch of the dungeon, and saw 11 of its levels.
You visited the Abyss 1 time.

You collected 717 gold pieces.

Inventory:

Hand Weapons
 a - a +2 hand axe of flaming (weapon)
 E - a +3 scimitar of flaming
 L - a +0 war axe
Missiles
 G - 2 poisoned darts (quivered)
Armour
 k - a +0 buckler (worn)
 q - a cursed +0 kite shield
 s - a +1 chain mail (worn)
 x - a +0 pair of boots (worn)
Jewellery
 h - a +6 ring of strength (left hand)
 o - an uncursed ring of positive energy
 t - a +4 ring of protection (right hand)
 u - an uncursed ring of poison resistance
 v - an uncursed amulet of guardian spirit
 I - an amulet of reflection (around neck)
 K - a +4 ring of evasion
Wands
 j - a wand of digging (3)
 p - a wand of enslavement (6)
 B - a wand of polymorph (24)
 D - a wand of disintegration (8)
 H - a wand of flame (25)
Scrolls
 f - 3 scrolls of remove curse
 l - 2 scrolls of immolation
 m - 7 scrolls of teleportation
 r - a scroll of fear
 y - 2 scrolls of enchant armour
 F - a scroll of identify
 J - a scroll of enchant weapon
Potions
 b - 2 potions of curing
 d - 2 potions of attraction
 e - a potion of mutation
 g - 4 potions of lignification
 i - a potion of magic
 n - 3 potions of cancellation
 z - 2 potions of flight
 C - a potion of haste


   Skills:
 + Level 11.9 Fighting
 + Level 12.7 Axes
 + Level 10.8 Armour
 + Level 3.1 Dodging
 * Level 6.8 Shields
 + Level 5.5 Invocations


You had 10 spell levels left.
You didn't know any spells.
Your spell library contained the following spells:

 Spells                   Type           Power        Failure   Level
 Summon Small Mammal      Summ           0%           85%         1
 Call Imp                 Summ           0%           94%         2
 Call Canine Familiar     Summ           0%           99%         3
 Summon Guardian Golem    Hex/Summ       0%           99%         3
 Summon Ice Beast         Ice/Summ       0%           100%        4
 Summon Lightning Spire   Summ/Air       0%           100%        4
 Irradiate                Conj/Tmut      0%           100%        5
 Hydra Form               Tmut           0%           100%        6
 Statue Form              Tmut/Erth      0%           100%        6
 Dragon Form              Tmut           0%           100%        7


Dungeon Overview and Level Annotations

Branches:
Dungeon (11/15)            Temple (0/1) D:6            Lair (0/6) D:11
    Orc: D:9-12

Altars:
Dithmenos
Fedhas
Gozag
Hepliaklqana
Kikubaaqudgha
Makhleb
Ru
Trog
Uskayaw
Vehumet
Wu Jian

Shops:
D:6 :   D:7 }

Annotations:
D:6 2 transporters
D:10 exclusion: 2 downstairs
D:11 Sonja


Message History

Space warps horribly around you! Sonja hits you but does no damage.
Space warps horribly around you!
You closely miss Sonja.
Sonja is heavily wounded.
Sonja hits you with a +1 short sword of distortion.
Space bends around you. Sonja hits you but does no damage.
Space warps horribly around you! Sonja barely misses you.
You are too injured to fight recklessly!
You are too injured to fight recklessly!
You are too injured to fight recklessly!
You closely miss Sonja.
Sonja is heavily wounded.
Sonja hits you but does no damage.
You blink.
Sonja hits you but does no damage. Space warps horribly around you!
Sonja misses you. Sonja hits you but does no damage.
Space warps horribly around you!!
* * * LOW HITPOINT WARNING * * *
You block Sonja's attack. Sonja hits you but does no damage. x2
Space warps horribly around you!
You die...

###.....#...##.(.## #
#.................# .
###.#...............# .
##.#.#.#.#.#.#.#.#<..#
###....................#
##.#.#.#.#.#.#.#.#.#...#
##....>................#
##.#.#.#.#.#.#.#K#.#..##
(..))).........(@.....##
...#.#.#.#.#.#.#.#.#...#
######......##.........#
##...†#######....<.....#
##.....# #....#..#.##
##.....# ###########
.......# .......#
.......#


You could see Sonja.

Vanquished Creatures
  Snorg (D:10)
  A hydra (D:11)
  Erica (D:8)
  A death knight (D:10)
  A death yak (D:11)
  A gargoyle (D:10)
  A hornet (D:10)
  2 trolls
  Sigmund (D:2)
  11 yaks
  Eustachio (D:4)
  A steam dragon (D:8)
  A water moccasin (D:10)
  Duvessa (D:5)
  4 orc warriors
  A black bear (D:6)
  2 ice beasts
  3 sky beasts
  2 eyes of draining (D:8)
  4 ogres
  A centaur (D:10)
  Blork the orc (D:4)
  2 big kobolds
  12 bullfrogs
  2 gnoll sergeants (D:9)
  A scorpion (D:4)
  A wyvern skeleton (D:11)
  Dowan (D:5)
  5 killer bees (D:10)
  6 wights
  2 vampire bats (D:6)
  A crimson imp (D:9)
  4 howler monkeys
  A bullfrog zombie (D:10)
  5 hounds
  4 orc priests
  3 jellies
  3 bullfrog skeletons
  A centaur skeleton (D:11)
  9 orc wizards
  An iguana (D:5)
  7 worker ants
  A mummy (D:4)
  2 hound zombies
  2 worker ant zombies
  20 gnolls
  2 howler monkey skeletons (D:4)
  22 adders
  3 river rats (D:11)
  5 white imps
  2 ufetubi
  An ooze (D:1)
  2 adder zombies
  2 adder skeletons
  3 worms
  A dart slug (D:3)
  7 leopard geckos
  13 orcs
  4 bats (D:2)
  3 bat skeletons (D:6)
  4 bat zombies (D:6)
  7 giant cockroaches
  11 goblins
  5 hobgoblins
  15 jackals
  12 kobolds
  11 quokkas
  6 ball pythons
  6 frilled lizards
  A hobgoblin zombie (D:4)
  A jackal zombie (D:8)
  An orc zombie (D:4)
  A quokka skeleton (D:5)
  4 rats
294 creatures vanquished.

Vanquished Creatures (collateral kills)
  A two-headed ogre (D:11)
  2 death yaks (D:11)
  2 wights (D:8)
5 creatures vanquished.

Vanquished Creatures (others)
  A wight (D:8)
1 creature vanquished.

Grand Total: 300 creatures vanquished

Notes
Turn   | Place    | Note
-------+----------+-------------------------------------------
     0 | Abyss:1  | Geeful the Hill Orc Abyssal Knight began the quest for the
                  | Orb.
     0 | Abyss:1  | Reached XP level 1. HP: 19/19 MP: 2/2
    24 | Abyss:2  | Found a corrupted altar of Lugonu.
    41 | Abyss:2  | Noticed a wretched star
    52 | Abyss:3  | Found a corrupted altar of Lugonu.
    61 | Abyss:3  | Noticed an eye of draining
    61 | Abyss:3  | Noticed a daeva
    81 | Abyss:3  | Noticed an ice devil
    85 | D:1      | Escaped the Abyss
   219 | D:1      | Reached skill level 3 in Axes
   219 | D:1      | Reached XP level 2. HP: 27/27 MP: 3/3
   353 | D:1      | Reached * piety under Lugonu
   951 | D:2      | Reached XP level 3. HP: 23/33 MP: 4/4
  1464 | D:2      | Noticed Sigmund
  1479 | D:2      | Killed Sigmund
  1480 | D:2      | Reached skill level 5 in Fighting
  1480 | D:2      | Reached skill level 4 in Axes
  1480 | D:2      | Reached XP level 4. HP: 28/42 MP: 5/5
  1480 | D:2      | Reached XP level 5. HP: 32/48 MP: 6/6
  1507 | D:2      | Reached skill level 5 in Axes
  1829 | D:2      | Reached XP level 6. HP: 32/56 MP: 7/7
  3465 | D:3      | Reached ** piety under Lugonu
  4041 | D:4      | Reached XP level 7. HP: 57/63 MP: 8/8
  4050 | D:4      | Reached skill level 6 in Axes
  4050 | D:4      | Reached skill level 5 in Armour
  4231 | D:4      | You fall into a shaft and drop 1 floor!
  4231 | D:5      | Entered Level 5 of the Dungeon
  4730 | D:4      | Noticed Eustachio
  4736 | D:4      | Killed Eustachio
  4737 | D:4      | Reached skill level 7 in Axes
  4737 | D:4      | Reached XP level 8. HP: 73/73 MP: 9/9
  5606 | D:4      | Noticed Blork the orc
  5625 | D:4      | Killed Blork the orc
  5909 | D:5      | Found an opulent altar of Gozag.
  6081 | D:5      | Reached skill level 8 in Axes
  6319 | D:5      | Noticed Duvessa
  6319 | D:5      | Noticed Dowan
  6325 | D:5      | Killed Dowan
  6336 | D:5      | Killed Duvessa
  6841 | D:6      | Found a transporter.
  6933 | D:6      | Reached *** piety under Lugonu
  6946 | D:6      | Reached XP level 9. HP: 73/82 MP: 10/10
  7033 | D:6      | Found a transporter.
  7075 | D:6      | Found Elyixuti's Book Boutique.
  7220 | D:6      | Found a sacrificial altar of Ru.
  7227 | D:6      | Found a shadowy altar of Dithmenos.
  7233 | D:6      | Found an ornate altar of the Wu Jian Council.
  7284 | D:6      | Reached skill level 9 in Axes
  7301 | D:6      | Found a staircase to the Ecumenical Temple.
  7495 | D:6      | Found an ancient bone altar of Kikubaaqudgha.
  7707 | D:7      | Found Ivevvas's Gadget Emporium.
  8574 | D:8      | Reached **** piety under Lugonu
  8610 | D:8      | Noticed Erica
  8619 | D:8      | Killed Erica
  8620 | D:8      | Reached skill level 10 in Axes
  8648 | D:8      | Reached skill level 10 in Fighting
  8901 | D:8      | Reached XP level 10. HP: 93/93 MP: 11/11
  9097 | D:8      | Found a bloodstained altar of Trog.
  9146 | D:8      | Reached skill level 11 in Axes
  9784 | D:9      | Found a burning altar of Makhleb.
  9785 | D:9      | Found a radiant altar of Vehumet.
  9932 | D:9      | Found a hide-covered altar of Uskayaw.
 10124 | D:9      | Reached skill level 1 in Shields
 10223 | D:9      | Found a blossoming altar of Fedhas.
 10803 | D:10     | Entered Level 10 of the Dungeon
 10845 | D:10     | Noticed a death knight
 10860 | D:10     | Noticed a gargoyle
 10861 | D:10     | Killed a death knight
 10981 | D:10     | Killed a gargoyle
 10997 | D:10     | Reached skill level 10 in Armour
 11228 | D:10     | Reached ***** piety under Lugonu
 11401 | D:10     | Reached skill level 1 in Dodging
 11544 | D:10     | Reached XP level 11. HP: 101/102 MP: 13/13
 11794 | D:10     | Noticed Snorg
 11809 | D:10     | Killed Snorg
 11810 | D:10     | Reached skill level 12 in Axes
 12289 | D:11     | Noticed Sonja
 12501 | D:10     | Reached skill level 5 in Shields
 13347 | D:11     | Noticed a four-headed hydra
 13362 | D:11     | Killed a one-headed hydra
 13379 | D:11     | Reached skill level 5 in Invocations
 13379 | D:11     | Found a staircase to the Lair.
 13401 | D:11     | Noticed a death yak
 13432 | D:11     | Killed a death yak
 13436 | D:11     | Found a hazy altar of Hepliaklqana.
 13436 | D:11     | Noticed a death yak
 13436 | D:11     | Noticed a two-headed ogre
 13436 | D:11     | Noticed a death yak
 13453 | D:11     | Killed a two-headed ogre
 13454 | D:11     | Banished an unseen horror
 13457 | D:11     | Killed a death yak
 13472 | D:11     | Killed a death yak
 13901 | D:11     | Slain by Sonja

Illustrated notes

Levels and vault maps discovered:
D:1:      minmay_arrival_statue_studded, layout_basic
D:2:      layout_loops_cross, mrwooster_statue_mirror,
          kennysheep_generic_room_4, uniq_sigmund
D:3:      layout_basic
D:4:      layout_basic, nicolae_ossuary_entry_giza, uniq_blork_the_orc,
          uniq_eustachio
D:5:      layout_gridville, grunt_gozag_breadcrumbs, uniq_duvessa
D:6:      gammafunk_cloud_chamber, layout_rooms, kennysheep_vampire_church,
          minmay_overflow_temple_star_quad, minmay_temple_entry_mist,
          serial_shops, nicolae_shop_window_shopping
D:7:      layout_basic, serial_shops, shop_fountains
D:8:      layout_basic, trog_eyes_of_draining, serial_corexii_hall,
          corexii_hall_statues_s, corexii_hall_statues_s, uniq_erica
D:9:      layout_roguey, grunt_temple_overflow_lords_of_destruction,
          marbit_many_paths, wad_floor_pattern_untrapped, fedhas_ov_isle_minmay
D:10:     layout_irregular_city, uniq_snorg
D:11:     layout_gridville, dpeg_lair_monsters, basic_altar,
          nicolae_trove_entry_free_sample, minivault_27, st_stairs_12,
          uniq_sonja

Skill      XL: |  1  2  3  4  5  6  7  8  9 10 11 |
---------------+----------------------------------+-----
Axes           | 3 4 5 7 8 10 11 12 | 12.7
Fighting       | 4 5 6 7 8 10 11 | 11.9
Armour         | 4 6 7 9 10 | 10.8
Shields        | 4 6 |  6.8
Dodging        | 1 3 |  3.1
Invocations    | 3 5 |  5.5

Action                   |  1- 3 |  4- 6 |  7- 9 | 10-12 || total
-------------------------+-------+-------+-------+-------++-------
Melee: Hand axe          |    65 |   195 |   412 |   566 ||  1238
Throw: Dart              |       |       |     9 |     2 ||    11
       Throwing net      |       |       |       |     2 ||     2
Invok: Depart the Abyss  |     1 |       |       |       ||     1
Evoke: Wand              |       |       |    15 |    13 ||    28
  Use: Scroll            |     6 |     4 |     9 |     2 ||    21
       Potion            |     2 |       |       |     3 ||     5
 Stab: Distracted        |       |     1 |       |       ||     1
       Paralysed         |       |       |    15 |    13 ||    28
Armor: Leather armour    |    15 |    52 |     5 |       ||    72
       Scale mail        |       |       |    12 |       ||    12
       Chain mail        |       |       |   192 |   251 ||   443
Dodge: Dodged            |    48 |   119 |   157 |   157 ||   481
Block: Buckler           |       |       |       |   132 ||   132
       Reflection        |       |       |       |     4 ||     4
       Other             |       |       |       |     1 ||     1
